[ PARTIDA AOE2 · #495294355 ]
UnrankedBorgoñones vs Huns
Equipo del jugador · VICT
Equipo rival · DERR
[ ANÁLISIS DE REPETICIÓN · EXTRAÍDO DE LA PARTIDA GRABADA ]
Feudal
9:08
Castillos
19:56
Imperial
40:03
| APM promedio | 50.0 |
| APM pico | 97 |
| eAPM promedio | 25.1 |
| Aldeanos / militares | 171 / 156 |
Foco
⚔️ 40.6% · 🌾 59.4%
Skirmisher ×73 · Knight ×57 · Archer ×14 · Cavalry Archer ×4 · Spearman ×3 · Trebuchet (Packed) ×3
Feudal
8:49
Castillos
19:14
Imperial
39:55
| APM promedio | 52.7 |
| APM pico | 119 |
| eAPM promedio | 21.6 |
| Aldeanos / militares | 87 / 88 |
Foco
⚔️ 32.0% · 🌾 68.0%
Cavalry Archer ×53 · Skirmisher ×7 · Monk ×6 · Scout Cavalry ×5 · Mangonel ×4 · Knight ×3
Mapa de la partida
Recursos iniciales + cada clic de construcción. Líneas = muros · curvas = relieve. ◆ oro · ⬟ piedra · ● bayas · ✦ reliquia · ◌ hueco del cierre
Tu base· Abierta — hueco de 11t
Base de [CL] Feargoras· Abierta — hueco de 12t
Terreno inicial suavizado · ◌ = hueco del cierre detectado · pasá el cursor para detalles
Inputs por minuto
— [DDocs] Dr.Rollstuhl - Twitch - - [CL] Feargoras
Build order — [DDocs] Dr.Rollstuhl - Twitch
Primeras 150 de 502 acciones detectadas
| 0:04 | Construir | Town Center |
| 1:08 | Crear | Villager (Male) |
| 1:08 | Crear | Villager (Male) |
| 1:08 | Crear | Villager (Male) |
| 1:11 | Crear | Villager (Male) |
| 1:11 | Crear | Villager (Male) |
| 1:42 | Crear | Villager (Male) |
| 1:43 | Crear | Villager (Male) |
| 2:31 | Crear | Villager (Male) |
| 2:31 | Crear | Villager (Male) |
| 2:38 | Construir | Lumber Camp |
| 2:39 | Crear | Villager (Male) |
| 2:39 | Crear | Villager (Male) |
| 3:10 | Crear | Villager (Male) |
| 3:11 | Crear | Villager (Male) |
| 3:29 | Crear | Villager (Male) |
| 3:29 | Crear | Villager (Male) |
| 3:45 | Crear | Villager (Male) |
| 4:15 | Crear | Villager (Male) |
| 4:15 | Crear | Villager (Male) |
| 4:15 | Crear | Villager (Male) |
| 4:37 | Construir | Mill |
| 4:45 | Crear | Villager (Male) |
| 4:46 | Crear | Villager (Male) |
| 5:07 | Crear | Villager (Male) |
| 5:08 | Crear | Villager (Male) |
| 6:29 | Investigar | Loom |
| 6:48 | Investigar | Feudal Age |
| 7:05 | Investigar | Double-Bit Axe |
| 7:34 | Construir | House |
| 7:40 | Construir | Barracks |
| 7:49 | Crear | Villager (Male) |
| 8:04 | Construir | Palisade Wall |
| 8:30 | Crear | Villager (Male) |
| 9:08 | Edad | Edad Feudal |
| 9:11 | Construir | Archery Range |
| 9:12 | Crear | Flemish Militia |
| 9:12 | Crear | Flemish Militia |
| 9:14 | Crear | Villager (Male) |
| 9:16 | Investigar | Bow Saw |
| 9:16 | Investigar | Bow Saw |
| 9:29 | Construir | House |
| 9:38 | Crear | Villager (Male) |
| 9:45 | Crear | Villager (Male) |
| 9:55 | Construir | Mining Camp |
| 9:57 | Crear | Villager (Male) |
| 10:02 | Construir | House |
| 10:11 | Crear | Villager (Male) |
| 10:29 | Crear | Villager (Male) |
| 10:36 | Crear | Villager (Male) |
| 10:48 | Crear | Villager (Male) |
| 11:22 | Crear | Archer |
| 11:23 | Crear | Villager (Male) |
| 11:25 | Crear | Spearman |
| 11:36 | Construir | Palisade Wall |
| 11:41 | Crear | Villager (Male) |
| 11:43 | Construir | Farm |
| 11:47 | Construir | Farm |
| 11:47 | Crear | Archer |
| 11:53 | Crear | Villager (Male) |
| 11:59 | Crear | Spearman |
| 12:01 | Crear | Villager (Male) |
| 12:02 | Crear | Archer |
| 12:05 | Construir | Farm |
| 12:13 | Construir | Palisade Wall |
| 12:18 | Construir | House |
| 12:22 | Construir | Blacksmith |
| 12:23 | Crear | Villager (Male) |
| 12:44 | Construir | House |
| 12:58 | Crear | Archer |
| 12:59 | Crear | Villager (Male) |
| 13:08 | Construir | Farm |
| 13:12 | Crear | Archer |
| 13:13 | Crear | Villager (Male) |
| 13:21 | Construir | Palisade Wall |
| 13:22 | Construir | House |
| 13:23 | Construir | House |
| 13:25 | Crear | Villager (Male) |
| 13:27 | Construir | Farm |
| 13:34 | Crear | Archer |
| 13:49 | Investigar | Wheelbarrow |
| 13:50 | Investigar | Wheelbarrow |
| 13:53 | Crear | Archer |
| 13:54 | Crear | Villager (Male) |
| 14:03 | Construir | Palisade Wall |
| 14:05 | Construir | Palisade Wall |
| 14:07 | Construir | Palisade Wall |
| 14:09 | Construir | Palisade Wall |
| 14:11 | Construir | Palisade Wall |
| 14:13 | Construir | Palisade Wall |
| 14:24 | Construir | Palisade Wall |
| 14:30 | Crear | Archer |
| 14:31 | Crear | Villager (Male) |
| 14:36 | Crear | Spearman |
| 14:37 | Crear | Villager (Male) |
| 14:41 | Construir | House |
| 14:46 | Construir | House |
| 14:57 | Construir | Palisade Gate |
| 15:04 | Crear | Archer |
| 15:07 | Construir | Palisade Wall |
| 15:11 | Construir | Palisade Gate |
| 15:16 | Construir | Palisade Gate |
| 15:27 | Crear | Villager (Male) |
| 15:35 | Crear | Villager (Male) |
| 15:39 | Construir | Farm |
| 15:43 | Crear | Villager (Male) |
| 16:05 | Construir | Palisade Gate |
| 16:23 | Crear | Villager (Male) |
| 16:23 | Crear | Villager (Male) |
| 16:26 | Construir | Farm |
| 16:46 | Crear | Villager (Male) |
| 16:52 | Crear | Villager (Male) |
| 16:55 | Construir | Farm |
| 16:58 | Construir | Farm |
| 17:07 | Investigar | Gold Mining |
| 17:07 | Investigar | Gold Mining |
| 17:16 | Investigar | Castle Age |
| 17:16 | Investigar | Castle Age |
| 17:23 | Investigar | Horse Collar |
| 17:48 | Construir | Stable |
| 17:55 | Investigar | Fletching |
| 17:55 | Investigar | Fletching |
| 18:22 | Construir | Archery Range |
| 18:23 | Crear | Villager (Male) |
| 18:40 | Investigar | Padded Archer Armor |
| 18:43 | Crear | Villager (Male) |
| 19:23 | Construir | Farm |
| 19:24 | Construir | Farm |
| 19:26 | Construir | Farm |
| 19:28 | Crear | Skirmisher |
| 19:28 | Crear | Skirmisher |
| 19:29 | Crear | Skirmisher |
| 19:56 | Edad | Edad de los Castillos |
| 19:59 | Investigar | Bodkin Arrow |
| 20:00 | Investigar | Crossbowman (upgrade) |
| 20:01 | Crear | Villager (Male) |
| 20:05 | Construir | Town Center |
| 20:12 | Crear | Villager (Male) |
| 20:24 | Crear | Villager (Male) |
| 20:33 | Crear | Archer |
| 20:34 | Crear | Archer |
| 20:35 | Crear | Villager (Male) |
| 20:49 | Crear | Archer |
| 20:49 | Crear | Archer |
| 20:50 | Crear | Villager (Male) |
| 21:34 | Crear | Villager (Male) |
| 21:34 | Crear | Villager (Male) |
| 21:34 | Crear | Villager (Male) |
| 21:34 | Crear | Villager (Male) |
| 21:38 | Investigar | Elite Skirmisher (upgrade) |
Build order — [CL] Feargoras
Primeras 150 de 281 acciones detectadas
| 0:05 | Construir | Town Center |
| 1:08 | Crear | Villager (Male) |
| 1:08 | Crear | Villager (Male) |
| 1:09 | Crear | Villager (Male) |
| 1:09 | Crear | Villager (Male) |
| 1:41 | Construir | Lumber Camp |
| 1:44 | Crear | Villager (Male) |
| 2:46 | Crear | Villager (Male) |
| 2:58 | Crear | Villager (Male) |
| 3:57 | Crear | Villager (Male) |
| 4:25 | Crear | Villager (Male) |
| 4:33 | Crear | Villager (Male) |
| 4:51 | Construir | Mill |
| 4:54 | Crear | Villager (Male) |
| 5:47 | Crear | Villager (Male) |
| 5:48 | Investigar | Loom |
| 6:39 | Investigar | Feudal Age |
| 7:26 | Construir | Barracks |
| 8:07 | Crear | Villager (Male) |
| 8:44 | Construir | Palisade Wall |
| 8:49 | Edad | Edad Feudal |
| 8:50 | Construir | Stable |
| 8:54 | Investigar | Double-Bit Axe |
| 9:05 | Crear | Villager (Male) |
| 9:12 | Crear | Spearman |
| 9:23 | Crear | Scout Cavalry |
| 9:24 | Crear | Scout Cavalry |
| 9:39 | Construir | Mill |
| 9:49 | Crear | Villager (Male) |
| 10:21 | Crear | Villager (Male) |
| 10:23 | Crear | Villager (Male) |
| 10:32 | Construir | Archery Range |
| 10:45 | Crear | Scout Cavalry |
| 11:17 | Crear | Archer |
| 11:18 | Crear | Villager (Male) |
| 11:21 | Crear | Villager (Male) |
| 11:37 | Crear | Villager (Male) |
| 11:43 | Construir | Mining Camp |
| 11:44 | Crear | Skirmisher |
| 11:45 | Crear | Skirmisher |
| 12:00 | Crear | Scout Cavalry |
| 12:01 | Crear | Villager (Male) |
| 12:07 | Crear | Skirmisher |
| 12:14 | Crear | Villager (Male) |
| 12:19 | Construir | Palisade Wall |
| 12:22 | Construir | Palisade Wall |
| 12:32 | Crear | Scout Cavalry |
| 12:40 | Crear | Skirmisher |
| 12:48 | Crear | Villager (Male) |
| 13:01 | Construir | Blacksmith |
| 13:10 | Crear | Skirmisher |
| 13:22 | Crear | Villager (Male) |
| 13:30 | Crear | Skirmisher |
| 13:38 | Construir | Mill |
| 14:04 | Crear | Villager (Male) |
| 14:05 | Crear | Villager (Male) |
| 14:23 | Crear | Villager (Male) |
| 14:24 | Crear | Skirmisher |
| 15:04 | Construir | Market |
| 15:05 | Crear | Villager (Male) |
| 15:45 | Crear | Villager (Male) |
| 16:34 | Investigar | Castle Age |
| 16:39 | Construir | Archery Range |
| 16:42 | Construir | Palisade Wall |
| 16:43 | Construir | Palisade Wall |
| 16:43 | Construir | Palisade Wall |
| 17:13 | Investigar | Fletching |
| 17:31 | Construir | Palisade Wall |
| 17:32 | Construir | Palisade Wall |
| 17:39 | Construir | Palisade Wall |
| 17:43 | Investigar | Padded Archer Armor |
| 18:06 | Construir | Mill |
| 18:11 | Construir | Archery Range |
| 18:15 | Crear | Villager (Male) |
| 18:51 | Construir | Palisade Wall |
| 18:53 | Construir | Palisade Wall |
| 19:14 | Edad | Edad de los Castillos |
| 19:16 | Crear | Cavalry Archer |
| 19:16 | Crear | Cavalry Archer |
| 19:16 | Crear | Cavalry Archer |
| 19:16 | Crear | Cavalry Archer |
| 19:18 | Crear | Villager (Male) |
| 19:20 | Investigar | Bodkin Arrow |
| 19:34 | Crear | Cavalry Archer |
| 19:34 | Crear | Cavalry Archer |
| 19:45 | Crear | Villager (Male) |
| 19:57 | Construir | Palisade Wall |
| 20:05 | Crear | Cavalry Archer |
| 20:05 | Crear | Cavalry Archer |
| 20:18 | Crear | Cavalry Archer |
| 20:18 | Crear | Cavalry Archer |
| 20:24 | Crear | Cavalry Archer |
| 20:24 | Crear | Cavalry Archer |
| 20:28 | Crear | Villager (Male) |
| 20:43 | Investigar | Bloodlines |
| 21:15 | Crear | Knight |
| 21:32 | Crear | Villager (Male) |
| 21:32 | Crear | Villager (Male) |
| 21:32 | Crear | Villager (Male) |
| 21:33 | Crear | Villager (Male) |
| 21:36 | Crear | Cavalry Archer |
| 21:36 | Crear | Cavalry Archer |
| 21:36 | Crear | Cavalry Archer |
| 21:42 | Crear | Cavalry Archer |
| 21:43 | Crear | Cavalry Archer |
| 21:50 | Crear | Villager (Male) |
| 21:50 | Crear | Villager (Male) |
| 22:03 | Construir | Town Center |
| 22:06 | Crear | Cavalry Archer |
| 22:06 | Crear | Cavalry Archer |
| 22:06 | Crear | Cavalry Archer |
| 22:26 | Crear | Cavalry Archer |
| 22:35 | Investigar | Husbandry |
| 22:46 | Construir | Lumber Camp |
| 23:00 | Crear | Villager (Male) |
| 23:02 | Crear | Cavalry Archer |
| 23:02 | Crear | Cavalry Archer |
| 23:08 | Crear | Cavalry Archer |
| 23:08 | Crear | Cavalry Archer |
| 23:43 | Crear | Cavalry Archer |
| 23:43 | Crear | Cavalry Archer |
| 23:43 | Crear | Cavalry Archer |
| 23:44 | Crear | Villager (Male) |
| 23:44 | Crear | Villager (Male) |
| 23:53 | Construir | Farm |
| 23:54 | Construir | Farm |
| 23:54 | Construir | Farm |
| 23:54 | Construir | Farm |
| 23:54 | Construir | Farm |
| 23:54 | Construir | Farm |
| 23:54 | Construir | Farm |
| 23:55 | Construir | Farm |
| 24:03 | Construir | Farm |
| 24:09 | Crear | Cavalry Archer |
| 24:09 | Crear | Cavalry Archer |
| 24:14 | Construir | Lumber Camp |
| 24:23 | Crear | Cavalry Archer |
| 24:24 | Crear | Cavalry Archer |
| 24:30 | Construir | Farm |
| 24:48 | Crear | Cavalry Archer |
| 24:49 | Crear | Cavalry Archer |
| 25:18 | Crear | Knight |
| 25:18 | Crear | Knight |
| 25:22 | Crear | Villager (Male) |
| 25:23 | Crear | Villager (Male) |
| 25:23 | Crear | Villager (Male) |
| 25:31 | Construir | Farm |
| 25:32 | Construir | Farm |
| 25:39 | Construir | Siege Workshop |
| 25:49 | Crear | Villager (Male) |
Cronología de la partida
| 7:26 | [CL] Feargoras · first_building Barracks |
| 7:40 | [DDocs] Dr.Rollstuhl - Twitch · first_building Barracks |
| 8:04 | [DDocs] Dr.Rollstuhl - Twitch · wall_segment Palisade Wall x3 |
| 8:44 | [CL] Feargoras · wall_segment Palisade Wall x1 |
| 8:49 | [CL] Feargoras · age_up feudal |
| 8:50 | [CL] Feargoras · first_building Stable |
| 9:08 | [DDocs] Dr.Rollstuhl - Twitch · age_up feudal |
| 9:11 | [DDocs] Dr.Rollstuhl - Twitch · first_building Archery Range |
| 10:32 | [CL] Feargoras · first_building Archery Range |
| 11:36 | [DDocs] Dr.Rollstuhl - Twitch · wall_segment Palisade Wall x9 |
| 12:13 | [DDocs] Dr.Rollstuhl - Twitch · wall_segment Palisade Wall x12 |
| 12:19 | [CL] Feargoras · wall_segment Palisade Wall x10 |
| 12:22 | [CL] Feargoras · wall_segment Palisade Wall x1 |
| 13:21 | [DDocs] Dr.Rollstuhl - Twitch · wall_segment Palisade Wall x6 |
| 14:03 | [DDocs] Dr.Rollstuhl - Twitch · wall_segment Palisade Wall x1 |
| 14:05 | [DDocs] Dr.Rollstuhl - Twitch · wall_segment Palisade Wall x1 |
| 14:07 | [DDocs] Dr.Rollstuhl - Twitch · wall_segment Palisade Wall x1 |
| 14:09 | [DDocs] Dr.Rollstuhl - Twitch · wall_segment Palisade Wall x1 |
| 14:11 | [DDocs] Dr.Rollstuhl - Twitch · wall_segment Palisade Wall x1 |
| 14:13 | [DDocs] Dr.Rollstuhl - Twitch · wall_segment Palisade Wall x1 |
| 14:24 | [DDocs] Dr.Rollstuhl - Twitch · wall_segment Palisade Wall x1 |
| 15:07 | [DDocs] Dr.Rollstuhl - Twitch · wall_segment Palisade Wall x1 |
| 16:18 | [CL] Feargoras · first_market_buy 100 food |
| 16:19 | [CL] Feargoras · first_market_sell 100 stone |
| 16:42 | [CL] Feargoras · wall_segment Palisade Wall x1 |
| 16:43 | [CL] Feargoras · wall_segment Palisade Wall x1 |
| 16:43 | [CL] Feargoras · wall_segment Palisade Wall x1 |
| 17:31 | [CL] Feargoras · wall_segment Palisade Wall x1 |
| 17:32 | [CL] Feargoras · wall_segment Palisade Wall x1 |
| 17:39 | [CL] Feargoras · wall_segment Palisade Wall x1 |
| 17:48 | [DDocs] Dr.Rollstuhl - Twitch · first_building Stable |
| 18:51 | [CL] Feargoras · wall_segment Palisade Wall x1 |
| 18:53 | [CL] Feargoras · wall_segment Palisade Wall x1 |
| 19:14 | [CL] Feargoras · age_up castle |
| 19:56 | [DDocs] Dr.Rollstuhl - Twitch · age_up castle |
| 19:57 | [CL] Feargoras · wall_segment Palisade Wall x1 |
| 25:39 | [CL] Feargoras · first_building Siege Workshop |
| 29:53 | [CL] Feargoras · first_building Castle |
| 30:47 | [DDocs] Dr.Rollstuhl - Twitch · first_market_buy 100 food |
| 31:52 | [CL] Feargoras · first_building Monastery |
| 32:55 | [CL] Feargoras · wall_segment Palisade Wall x5 |
| 32:57 | [CL] Feargoras · wall_segment Palisade Wall x6 |
| 34:45 | [CL] Feargoras · wall_segment Palisade Wall x1 |
| 34:46 | [CL] Feargoras · wall_segment Palisade Wall x1 |
| 34:47 | [CL] Feargoras · wall_segment Palisade Wall x1 |
| 34:49 | [CL] Feargoras · wall_segment Palisade Wall x1 |
| 34:53 | [CL] Feargoras · wall_segment Palisade Wall x1 |
| 35:35 | [DDocs] Dr.Rollstuhl - Twitch · first_market_sell 500 wood |
| 35:49 | [CL] Feargoras · wall_segment Stone Wall x1 |
| 35:50 | [CL] Feargoras · wall_segment Stone Wall x1 |
| 36:09 | [DDocs] Dr.Rollstuhl - Twitch · first_building Monastery |
| 38:15 | [DDocs] Dr.Rollstuhl - Twitch · first_building Castle |
| 39:55 | [CL] Feargoras · age_up imperial |
| 40:03 | [DDocs] Dr.Rollstuhl - Twitch · age_up imperial |
| 44:01 | [CL] Feargoras · resign |
[ ANÁLISIS IA · 1 CRÉDITO ]
¿Qué pasó realmente en esta partida?
Wolo.gg analiza cada decisión: build order, eco, micro, errores típicos por bracket. Análisis personalizado por WhatsApp o Discord en 30 segundos.
Guía civ
Borgoñones
Perfil
[DDocs] Dr.Rollstuhl - Twitch